 Dungeon Crawl Stone Soup version 0.25-a0-834-g55863b0b92 (webtiles) character file.

Game seed: 8685707144685601479, levelgen mode: deterministic

271468 Lavandula the Severer (level 20, -2/112 HPs)
             Began as a Vine Stalker Chaos Knight on Apr 21, 2020.
             Was a Favourite Plaything of Xom.
             Slain by a deep elf blademaster
             ... wielding a +0 rapier
              (9 damage)
             ... on level 3 of the Elven Halls on Apr 22, 2020.
             The game lasted 02:28:38 (19938 turns).

Lavandula the Severer (Vine Stalker Chaos Knight)  Turns: 19938, Time: 02:28:38

Health: -2/112     AC: 19    Str: 20    XL:     20   Next: 23%
Magic:  0/28       EV: 19    Int: 12    God:    Xom [...*..]
Gold:   106        SH:  0    Dex: 21    Spells: 12/33 levels left

rFire    + + .     SeeInvis .   h - +9 sword of Zonguldrok {reap}
rCold    + . .     Gourm    .   (no shield)
rNeg     . . .     Faith    .   G - +2 leather armour {rC+}
rPois    +         Spirit   +   w - +2 hat
rElec    +         Reflect  .   J - +2 cloak {rPois}
rCorr    +         Harm     .   f - +2 pair of gloves {Str+3}
MR       +++..     Rnd*Rage +   S - +2 pair of boots
Stlth    ++++......             A - amulet of Typairpho {Spirit rPois rF+ MR+}
HPRegen  1.08/turn              D - ring of wizardry
MPRegen  0.21/turn              H - ring of resist corrosion

@: very slightly contaminated, drained
A: claws 2, fangs 3, horns 1, thin skeletal structure 1, yellow scales 1,
berserk 1, blink, blurry vision 1, deformed body, fire resistance 1, low mp 1,
regeneration 2, screaming 1, electricity resistance, weak 1, evolution 1, magic
shield, antimagic bite, no potion heal 3, rot immunity
}: 2/15 runes: decaying, serpentine
a: Blink, Renounce Religion


You were on level 3 of the Elven Halls.
You worshipped Xom.
You were a favourite toy of Xom.
You were not hungry.

You visited 7 branches of the dungeon, and saw 39 of its levels.
You also visited: Gauntlet, Ice Cave, Volcano and Desolation.

You collected 2896 gold pieces.
You spent 2790 gold pieces at shops.

Inventory:

Hand Weapons
 h - the +9 sword of Zonguldrok (weapon) {reap}
   (You bought it in a shop on level 2 of the Orcish Mines)

   If a monster killed with it leaves a corpse in good enough shape, the corpse
   will be animated as a zombie friendly to the killer.
 v - a +2 scimitar of flaming
 R - a +6 double sword of electrocution
 T - a +4 executioner's axe of freezing
 U - the +10 battleaxe "Qeczistihy" {speed, +Fly rF+ MR+ Str-3}
   (You took it off a minotaur in a Gauntlet)

   Attacks with this weapon are significantly faster.
   It affects your strength (-3).
   It protects you from fire.
   It affects your resistance to hostile enchantments.
   It lets you fly.
Missiles
 k - 21 javelins (quivered)
 n - 145 poisoned darts
 F - 8 throwing nets
Armour
 f - a +2 pair of gloves of strength (worn)
 t - a +0 buckler
 w - a +2 hat (worn)
 G - a +2 leather armour of cold resistance (worn)
 J - a +2 cloak of poison resistance (worn)
 S - a +2 pair of boots (worn)
 X - +3 fire dragon scales
Magical Staves
 W - an uncursed staff of wizardry
Jewellery
 r - an uncursed ring of protection from cold
 s - an uncursed ring of protection from fire
 y - a +4 amulet of reflection
 A - the amulet of Typairpho (around neck) {Spirit rPois rF+ MR+}
   (You found it on level 3 of the Snake Pit)

   [amulet of guardian spirit]

   It causes incoming damage to be split between your health and magic.
   It protects you from fire.
   It protects you from poison.
   It affects your resistance to hostile enchantments.
 D - a ring of wizardry (left hand)
 H - a ring of resist corrosion (right hand)
 N - the ring "Biekketa" {*Tele Str+2}
   (You found it in a Gauntlet)

   [ring of teleportation]

   It may teleport you next to monsters.
   It affects your strength (+2).
 Y - an uncursed ring of stealth
Wands
 x - a wand of paralysis (21)
 L - a wand of acid (12)
 M - a wand of disintegration (26)
 Q - a wand of iceblast (15)
 V - a wand of clouds (8)
Scrolls
 d - a scroll of immolation
 i - 2 scrolls of teleportation
 j - 12 scrolls of remove curse
 l - 5 scrolls of fear
 q - 2 scrolls of amnesia
 z - 3 scrolls of fog
 C - a scroll of holy word
 P - a scroll of random uselessness {unknown}
Potions
 a - a potion of flight
 b - 3 potions of lignification
 e - 11 potions of curing
 g - 6 potions of might
 m - 3 potions of cancellation
 o - 3 potions of haste
 p - 2 potions of stabbing
 u - 3 potions of magic
 B - 3 potions of invisibility
 E - 3 potions of mutation
 K - 3 potions of brilliance
 O - a potion of ambrosia
 Z - 3 potions of berserk rage
Miscellaneous
 I - a phantom mirror
Comestibles
 c - 26 rations


   Skills:
 - Level 14.5(13.6) Fighting
   Level 3.1(10.2) Short Blades
 - Level 15.8(15.0) Long Blades
 - Level 16.0(15.0) Axes
 - Level 12.5(11.6) Armour
 - Level 9.1(8.2) Dodging
 - Level 7.8(7.0) Stealth
 - Level 4.0(3.2) Shields
 - Level 7.0(6.2) Spellcasting
 + Level 4.2(3.5) Charms
 - Level 2.4(1.7) Translocations
 - Level 5.4(4.7) Ice Magic
 - Level 6.3(5.5) Air Magic


You had 12 spell levels left.
You knew the following spells:

 Your Spells              Type           Power        Failure   Level  Hunger
a - Ozocubu's Armour      Chrm/Ice       ##......     4%          3    ###....
b - Frozen Ramparts       Ice            ###...       3%          3    ###....
c - Blink                 Tloc           N/A          6%          2    ##.....
d - Mephitic Cloud        Conj/Pois/Air  #.......     12%         3    ###....
e - Shroud of Golubria    Chrm/Tloc      ##....       4%          2    ##.....
f - Spectral Weapon       Hex/Chrm       #.......     12%         3    ###....
g - Apportation           Tloc           #.....       4%          1    None
h - Airstrike             Air            ###.......   9%          4    ####...

Your spell library contained the following spells:

 Spells                   Type           Power        Failure   Level  Hunger
 Freeze                   Ice            ###.         1%          1    None
 Infusion                 Chrm           ##..         1%          1    None
 Shock                    Conj/Air       ##..         2%          1    None
 Song of Slaying          Chrm           ##......     2%          2    ##.....
 Ensorcelled Hibernation  Hex/Ice        #.....       4%          2    ##.....
 Poisonous Vapours        Pois/Air       ##....       4%          2    ##.....
 Animate Skeleton         Necr           N/A          9%          1    None
 Beastly Appendage        Tmut           #.....       9%          1    None
 Corona                   Hex            #......      9%          1    None
 Foxfire                  Conj/Fire      #...         9%          1    None
 Magic Dart               Conj           #...         9%          1    None
 Pain                     Necr           #...         9%          1    None
 Sting                    Tmut/Pois      #...         9%          1    None
 Summon Small Mammal      Summ           #...         9%          1    None
 Call Imp                 Summ           #.......     12%         2    ##.....
 Searing Ray              Conj           #.....       12%         2    ##.....
 Slow                     Hex            #.......     12%         2    ##.....
 Sticks to Snakes         Tmut           #.......     12%         2    ##.....
 Confusing Touch          Hex            #.......     24%         3    ###....
 Conjure Flame            Conj/Fire      #.......     24%         3    ###....
 Dazzling Flash           Conj/Hex       #.....       24%         3    ###....
 Ignite Poison            Fire/Tmut/Pois #.......     24%         3    ###....
 Inner Flame              Hex/Fire       #.......     24%         3    ###....
 Spider Form              Tmut/Pois      #.........   24%         3    ###....
 Tukima's Dance           Hex            #.......     24%         3    ###....
 Vampiric Draining        Necr           #.........   24%         3    ###....
 Hailstorm                Conj/Ice       #.......     28%         4    ####...
 Ice Form                 Ice/Tmut       #.......     28%         4    ####...
 Summon Ice Beast         Ice/Summ       #.......     28%         4    ####...
 Iskenderun's Mystic Bla  Conj/Tloc      #.......     45%         4    ####...
 Animate Dead             Necr           N/A          58%         4    ####...
 Fulminant Prism          Conj/Hex       #.........   58%         4    ####...
 Olgreb's Toxic Radiance  Pois           #.......     58%         4    ####...
 Sticky Flame             Conj/Fire      #.......     58%         4    ####...
 Metabolic Englaciation   Hex/Ice        #.........   61%         5    ######.
 Ozocubu's Refrigeration  Ice            ###.......   83%         6    #######
 Agony                    Necr           #.......     89%         5    ######.
 Blade Hands              Tmut           #.........   89%         5    ######.
 Fireball                 Conj/Fire      #.........   89%         5    ######.
 Freezing Cloud           Conj/Ice/Air   ##........   95%         6    #######
 Conjure Ball Lightning   Conj/Air       ##........   97%         6    #######
 Simulacrum               Ice/Necr       #.........   98%         6    #######
 Starburst                Conj/Fire      #.........   100%        6    #######
 Ring of Flames           Chrm/Fire      #.........   100%        7    #######
 Chain Lightning          Conj/Air       ##........   100%        8    #######
 Lehudib's Crystal Spear  Conj/Erth      #.........   100%        8    #######
 Absolute Zero            Ice            ###.......   100%        9    #######
 Fire Storm               Conj/Fire      #.........   100%        9    #######


Dungeon Overview and Level Annotations

Branches:
Dungeon (15/15)            Temple (0/1) D:6            Lair (6/6) D:11
  Swamp (4/4) Lair:3        Snake (4/4) Lair:4        Slime (5/5) Lair:5
    Orc (2/2) D:11            Elf (3/3) Orc:2        Depths (0/5) D:15
  IceCv (visited)         Volcano (visited)         Desolation (visited)
Gauntlet (visited)
 Vaults: D:13-14

Altars:
Ashenzari
Cheibriados
Nemelex Xobeh
Vehumet
Xom
Zin

Shops:
D:8 (   D:11 %   Orc:2 :*([   Elf:3 !

Annotations:
D:4 1 transporter
Lair:3 swamp
Snake:4 Bai Suzhen
Elf:2 3 runed translucent doors
Abyss:1 Eustachio


Innate Abilities, Weirdness & Mutations

You have razor-sharp teeth.
You heal very quickly.
When hurt, damage is shared between your health and your magic reserves.
Your bite disrupts and absorbs the magic of your enemies.
Potions cannot restore your health.
You are immune to rotting.
You have very sharp fingernails.
You have a pair of small horns on your head.
You have a somewhat thin skeletal structure. (Dex +2, Stealth)
You are partially covered in yellow scales. (AC +2)
You tend to lose your temper in combat.
You can translocate small distances at will.
Scrolls take you a little longer to read.
Armour fits poorly on your strangely shaped body.
Your flesh is heat resistant. (rF+)
Your magical capacity is low. (-10% MP)
You occasionally shout uncontrollably at your foes.
You are resistant to electric shocks. (rElec)
You are weak. (Str -2)
You evolve.


Message History

Press: ? - help, Dir - move target cursor, p - deep elf blademaster You create a blast of freezing vapour!
The deep elf annihilator shouts!
The deep elf blademaster is engulfed in freezing vapours.
The deep elf blademaster hits you with a +0 rapier! x2
The deep elf blademaster is engulfed in freezing vapours.
The deep elf blademaster hits you with a +0 rapier!
The deep elf blademaster hits you with a +0 rapier!!
* * * LOW HITPOINT WARNING * * *
Really read with blurry vision while enemies are nearby?
The deep elf annihilator is engulfed in freezing vapours.
The deep elf annihilator gestures wildly while chanting.
The deep elf annihilator blinks!
You begin reading the scroll.
You continue reading the scroll.
The deep elf blademaster is engulfed in freezing vapours.
The deep elf blademaster hits you with a +0 rapier!
* * * LOW HITPOINT WARNING * * *
The deep elf blademaster hits you with a +0 rapier!
You die...
Xom roars with laughter!

.### #... ##Z..# ## e.e.
#...# #...# #...#
#####...# ####§§§§..e#
###...§§§§...#
##...)§e§§....#
#.....@§###..##
##..)).####...#
#...(####.....#
#...#.##.....##
##....#.......#
#............##
#..........###
#)......####
#########)################


You could see a deep elf blademaster and a deep elf annihilator.

Vanquished Creatures
  A deep elf master archer (Elf:3)
  5 acid blobs
  Roxanne (Snake:2)
  3 nagarajas (Snake:4)
  2 azure jellies
  An orc warlord (Orc:1)
  4 deep elf sorcerers
  Louise (Swamp:3)
  A ghoul (D:13)
  A deep elf elementalist (Elf:3)
  A stone giant (Volcano)
  Nessos (D:12)
  2 deep elf demonologists (Elf:3)
  4 deep elf annihilators
  A minotaur (Gauntlet)
  2 deep elf death magi (Elf:3)
  The ghost of Qaisti the Quickloader, a journeyman GnWr (Lair:4)
  2 fire dragons
  A ragged hierophant (Desolation)
  3 great orbs of eyes
  13 hydras
  12 naga warriors
  4 centaur warriors
  A peacekeeper (Desolation)
  2 catoblepae
  2 ghost crabs
  4 two-headed ogres
  10 anacondas
  A death yak (Lair:3)
  An ogre mage (D:15)
  2 tengu warriors (D:13)
  8 dancing weapons
  2 alligators
  4 orc high priests
  8 shock serpents
  12 naga sharpshooters
  6 deep elf knights
  A fire crab (Swamp:4)
  3 skeletal warriors (D:13)
  A deep troll (shapeshifter) (Gauntlet)
  3 sea snakes (Snake:4)
  An unseen horror (D:15)
  2 spriggan druids
  6 swamp dragons
  4 naga ritualists
  An unseen horror (shapeshifter) (Gauntlet)
  A wolf spider zombie (D:14)
  A lindwurm (Swamp:4)
  A harpy (shapeshifter) (Gauntlet)
  7 deep elf archers
  4 orc knights
  A manticore (Lair:4)
  8 mana vipers
  4 cyclopes
  4 orc sorcerers
  33 deep elf magi
  8 salamanders
  5 shining eyes
  3 ugly things
  5 elephants
  12 naga magi
  A water nymph (shapeshifter) (Elf:3)
  2 gargoyles (Volcano)
  19 spiny frogs
  3 ice statues (IceCv)
  15 guardian serpents
  23 black mambas
  2 torpor snails
  An efreet (Volcano)
  8 komodo dragons
  2 rime drakes
  A rime drake (shapeshifter) (D:15)
  A komodo dragon (shapeshifter) (Gauntlet)
  A jumping spider (D:14)
  8 tyrant leeches
  8 trolls
  2 queen bees
  3 hornets
  A polar bear (Lair:4)
  A harpy zombie (D:13)
  3 saltlings
  4 hippogriffs
  Prince Ribbit (D:7)
  13 blink frogs
  53 slime creatures
  A meliai zombie (D:15)
  A shapeshifter (D:14)
  2 redbacks (D:14)
  10 spriggans
  3 wraiths (D:15)
  9 water elementals
  3 air elementals
  3 shadows
  2 wyverns
  A vampire (D:11)
  24 yaks
  Grum (D:8)
  3 fire elementals
  10 fire bats
  6 golden eyes (Slime:1)
  A basilisk (Lair:4)
  16 vampire mosquitoes
  2 hungry ghosts (D:7)
  Menkaure (D:7)
  2 steam dragons (Swamp:4)
  38 nagas
  5 swamp worms
  4 wargs (Orc:2)
  An acid dragon (D:15)
  7 water moccasins
  5 swamp drakes
  3 hell hounds (Gauntlet)
  6 porcupines
  A floating eye (Slime:3)
  A necrophage (D:9)
  2 phantoms (D:6)
  9 ice beasts
  2 sky beasts
  35 orc warriors
  10 wolves
  2 eyes of draining
  A boggart (D:8)
  16 ogres
  17 centaurs
  6 crocodiles
  A big kobold (D:13)
  Blork the orc (D:4)
  4 earth elementals
  23 bullfrogs
  A wyvern zombie (D:13)
  4 wyvern skeletons
  4 scorpions
  44 killer bees
  8 wights
  2 electric eels
  2 howler monkeys
  2 centaur zombies
  5 crimson imps
  4 jellies
  8 hounds
  4 centaur skeletons
  8 orc priests
  16 orc wizards
  4 iguanas
  7 worker ants
  A hound zombie (D:8)
  2 hound skeletons
  A mummy (D:13)
  Robin (D:2)
  7 gnolls
  19 adders
  A shadow imp (D:14)
  An ooze (D:2)
  An adder skeleton (D:6)
  An adder zombie (D:6)
  3 dart slugs
  3 leopard geckos
  63 orcs
  2 ball pythons
  7 giant cockroaches
  22 goblins
  9 hobgoblins
  18 jackals
  5 kobolds
  3 quokkas
  7 bats
  A frilled lizard (D:1)
  A jackal skeleton (D:5)
  A quokka skeleton (D:8)
  A quokka zombie (D:6)
  11 rats
  3 fungi
1044 creatures vanquished.

Vanquished Creatures (collateral kills)
  3 nagarajas
  A deep elf sorcerer (Elf:3)
  A ghoul (D:13)
  A deep elf elementalist (Elf:3)
  Harold (D:9)
  2 hydras
  2 shambling mangroves
  An anaconda (Snake:1)
  Urug (D:11)
  A shock serpent (Snake:2)
  A salamander mystic (Snake:2)
  A swamp dragon (Swamp:3)
  A deep elf archer (Elf:3)
  An orc sorcerer (Orc:1)
  2 salamanders
  2 guardian serpents (Snake:4)
  5 elephants (Lair:6)
  3 black mambas
  A naga mage (Snake:3)
  7 spiny frogs
  A komodo dragon (Lair:6)
  A hornet (Swamp:4)
  A blink frog (Lair:6)
  A bog body (Swamp:2)
  2 slime creatures (Swamp:4)
  2 tyrant leeches
  A yak (D:12)
  4 vampire mosquitoes
  6 nagas
  An insubstantial wisp (Swamp:2)
  A water moccasin (Lair:5)
  A swamp drake (Swamp:4)
  3 orc warriors (D:13)
  An ogre (D:13)
  A crocodile (Lair:1)
  2 bullfrogs (Lair:6)
  An earth elemental (Elf:1)
  A bullfrog zombie (D:13)
  A leopard gecko (D:4)
  5 orcs (D:13)
  2 goblins (D:13)
  2 plants
79 creatures vanquished.

Vanquished Creatures (others)
  A deep elf elementalist (Elf:3)
  A dancing weapon (Snake:2)
  A lindwurm (Swamp:4)
  A mana viper (Snake:1)
  2 black mambas (Snake:1)
  A spiny frog (Lair:6)
  A tyrant leech (Slime:1)
  2 blink frogs (Lair:6)
  A steam dragon (Swamp:4)
  A naga (Snake:4)
  4 swamp drakes (Swamp:4)
  2 wolves (Lair:6)
  2 bullfrogs
  A hound (D:8)
  A leopard gecko (D:2)
  4 jackals (D:4)
  5 fungi
  56 plants
  2 withered plants (D:13)
89 creatures vanquished.

Grand Total: 1212 creatures vanquished

Notes
Turn   | Place    | Note
-------+----------+-------------------------------------------
     0 | D:1      | Lavandula the Vine Stalker Chaos Knight began the quest for
                  | the Orb.
     0 | D:1      | Reached XP level 1. HP: 11/11 MP: 2/2
   137 | D:1      | Reached XP level 2. HP: 13/16 MP: 3/3
   242 | D:2      | Noticed an orc warrior
   242 | D:2      | XOM: silly message
   279 | D:1      | Reached XP level 3. HP: 11/19 MP: 4/4
   578 | D:2      | Gained mutation: Your natural rate of healing is unusually
                  | fast. [Vine Stalker growth]
   578 | D:2      | Reached XP level 4. HP: 11/23 MP: 5/5
   709 | D:2      | Noticed Robin
   728 | D:2      | Reached skill level 5 in Long Blades
   728 | D:2      | Reached XP level 5. HP: 17/27 MP: 4/6
   739 | D:2      | Killed Robin
   758 | D:2      | XOM: enchant monster (good)
   811 | D:2      | XOM: potion effect (stabbing)
   843 | D:2      | XOM: divine lightning
   860 | D:2      | XOM: confuse monster(s)
   862 | D:2      | XOM: summons 5 friendly demons
   886 | D:2      | Killed an orc warrior
   960 | D:2      | Reached XP level 6. HP: 32/32 MP: 7/7
  1055 | D:3      | XOM: give mutations
  1055 | D:3      | Gained mutation: You have a pair of small horns on your
                  | head. [Xom's grace]
  1055 | D:3      | Gained mutation: You have a pair of horns on your head.
                  | [Xom's grace]
  1081 | D:3      | XOM: scenery: create altars
  1319 | D:3      | XOM: scenery: create altars
  1329 | D:4      | Noticed Blork the orc
  1332 | D:4      | XOM: destruction
  1348 | D:4      | XOM: snakes to sticks
  1363 | D:4      | Killed Blork the orc
  1363 | D:4      | Reached XP level 7. HP: 30/35 MP: 8/8
  1377 | D:4      | Found a transporter.
  1448 | D:4      | Reached skill level 1 in Dodging
  1490 | D:4      | XOM: summons friendly iron imp
  1578 | D:4      | Found a shattered altar of Ashenzari.
  1605 | D:4      | XOM: smoke on damage
  1758 | D:5      | Entered Level 5 of the Dungeon
  1984 | D:5      | Noticed Eustachio
  1987 | D:5      | Banished Eustachio
  2265 | D:5      | Gained mutation: You have razor-sharp teeth. [Vine Stalker
                  | growth]
  2265 | D:5      | Reached XP level 8. HP: 37/39 MP: 9/9
  2348 | D:5      | XOM: 4-stop teleportation journey
  2427 | D:5      | XOM: god gift: 2 metallic inky potions {god gift}
  2454 | D:6      | Found a shimmering altar of Xom.
  2517 | D:6      | XOM: enchant monster (good)
  2534 | D:6      | Identified a scroll of acquirement
  2681 | D:6      | XOM: confuse monster(s)
  2686 | D:6      | XOM: confuse monster(s)
  2692 | D:6      | Reached skill level 5 in Armour
  2743 | D:6      | Found a staircase to the Ecumenical Temple.
  2763 | D:6      | Learned a level 3 spell: Ozocubu's Armour
  2767 | D:6      | Learned a level 3 spell: Frozen Ramparts
  2847 | D:6      | Found a snail-covered altar of Cheibriados.
  2907 | D:6      | XOM: cloud trail
  2914 | D:6      | XOM: 2-stop teleportation journey
  3171 | D:7      | Reached XP level 9. HP: 40/43 MP: 10/10
  3225 | D:7      | Noticed Menkaure
  3239 | D:7      | Killed Menkaure
  3247 | D:7      | Noticed Prince Ribbit
  3258 | D:7      | Killed Prince Ribbit
  3278 | D:7      | XOM: give mutations
  3278 | D:7      | Gained mutation: You are resistant to hostile enchantments.
                  | (MR+) [Xom's mischief]
  3278 | D:7      | Gained mutation: You are frail. (-10% HP) [Xom's mischief]
  3278 | D:7      | Gained mutation: You possess an exceptional clarity of
                  | mind. [Xom's mischief]
  3278 | D:7      | Lost mutation: You are frail. (-10% HP) [Xom's mischief]
  3389 | D:7      | Found a sparkling altar of Nemelex Xobeh.
  3456 | D:7      | XOM: scenery: create altars
  3459 | D:7      | XOM: fog
  3677 | D:8      | Noticed Grum
  3678 | D:8      | Found Odocvos's Weapon Emporium.
  3695 | D:8      | Reached skill level 10 in Armour
  3702 | D:8      | XOM: destruction
  3800 | D:8      | XOM: enchant monster (good)
  3807 | D:8      | XOM: potion effect (stabbing)
  3810 | D:8      | XOM: 1-stop teleportation journey
  3822 | D:8      | XOM: 2-stop teleportation journey
  3871 | D:8      | XOM: confuse monster(s)
  3946 | D:8      | XOM: polymorph centaur -> boggart
  3952 | D:8      | Reached XP level 10. HP: 39/47 MP: 11/11
  4011 | D:8      | Found a glowing silver altar of Zin.
  4014 | D:8      | Identified Buuqaim's Compendium of Air
  4132 | D:8      | Killed Grum
  4348 | D:9      | XOM: smoke on damage
  4348 | D:9      | XOM: confuse monster(s)
  4361 | D:9      | XOM: scenery: 1 doors close
  4425 | D:9      | XOM: confuse monster(s)
  4437 | D:9      | XOM: fog
  4599 | D:9      | XOM: fake destruction
  4647 | D:9      | XOM: god gift: ration
  4821 | D:9      | Noticed Harold
  4826 | D:9      | XOM: enchant monster (good)
  4830 | D:9      | XOM: summons 9 friendly demons
  4839 | D:9      | Killed Harold
  4839 | D:9      | Reached skill level 5 in Fighting
  4868 | D:9      | XOM: give mutation
  4868 | D:9      | Gained mutation: You are robust. (+10% HP) [Xom's grace]
  4904 | D:9      | Got a crude short sword
  4921 | D:9      | Identified the +4 short sword "ETAOIN SHRDLU" {flame,
                  | rElec} (You found it on level 9 of the Dungeon)
  4968 | D:10     | Entered Level 10 of the Dungeon
  5000 | D:10     | Reached skill level 1 in Short Blades
  5158 | D:10     | XOM: confuse monster(s)
  5172 | D:10     | Reached skill level 1 in Stealth
  5480 | D:10     | Reached XP level 11. HP: 61/61 MP: 12/12
  5647 | D:11     | Reached skill level 5 in Stealth
  5719 | D:11     | XOM: scenery: create altars
  5736 | D:11     | XOM: cast spell 'Cause Fear'
  5916 | D:11     | Found a staircase to the Orcish Mines.
  6025 | D:11     | Learned a level 2 spell: Blink
  6031 | D:11     | Noticed Urug
  6175 | D:11     | Reached skill level 1 in Translocations
  6197 | D:11     | XOM: summons 6 friendly demons
  6218 | D:11     | Killed Urug
  6280 | D:11     | Noticed a fire dragon
  6342 | D:11     | Found Izavocvu's Food Shoppe.
  6369 | D:11     | XOM: confuse monster(s)
  6416 | D:11     | Found a staircase to the Lair.
  6488 | D:12     | XOM: give mutation
  6488 | D:12     | Gained mutation: You have a somewhat thin skeletal
                  | structure. (Dex +2, Stealth) [Xom's grace]
  6502 | D:12     | Noticed a deep elf mage
  6513 | D:12     | XOM: smoke on damage
  6517 | D:12     | XOM: confuse monster(s)
  6532 | D:12     | Killed a deep elf mage
  6533 | D:12     | XOM: enchant monster (bad)
  6565 | D:12     | XOM: summons 6 friendly demons
  6572 | D:12     | XOM: summons 4 friendly demons
  6695 | D:13     | Noticed a ghoul
  6698 | D:13     | Noticed a skeletal warrior
  6700 | D:13     | XOM: divination: detect items
  6700 | D:13     | Noticed a skeletal warrior
  6705 | D:13     | XOM: summons 5 friendly demons
  6708 | D:13     | XOM: scenery: 1 doors close
  6711 | D:13     | XOM: summons friendly iron imp
  6735 | D:13     | XOM: 2-stop teleportation journey
  6736 | D:13     | Noticed a cyclops
  6761 | D:13     | Noticed a skeletal warrior
  6765 | D:13     | Noticed a skeletal warrior
  6767 | D:13     | XOM: confuse monster(s)
  6842 | D:13     | XOM: confuse monster(s)
  6848 | D:13     | XOM: divination: magic mapping
  6850 | D:13     | XOM: potion effect (invisibility)
  6855 | D:13     | Killed a skeletal warrior
  6860 | D:13     | Killed a cyclops
  6863 | D:13     | Reached skill level 10 in Long Blades
  6880 | D:13     | Found a gate leading to a gauntlet.
  6880 | D:13     | Noticed a tengu warrior
  6880 | D:13     | Noticed a tengu warrior
  6892 | D:13     | Killed a tengu warrior
  6895 | D:13     | Killed a tengu warrior
  6895 | D:13     | Gained mutation: You heal very quickly. [Vine Stalker
                  | growth]
  6895 | D:13     | Reached XP level 12. HP: 56/66 MP: 13/13
  6906 | D:13     | Noticed a two-headed ogre
  6908 | D:13     | Noticed a ghoul
  6916 | Gauntlet | Entered a Gauntlet
  6916 | Gauntlet | Found a transporter.
  6925 | Gauntlet | Found a transporter.
  6938 | Gauntlet | Found a transporter.
  6951 | Gauntlet | Found a transporter.
  6956 | Gauntlet | Found a transporter.
  6976 | Gauntlet | Found a transporter.
  6990 | Gauntlet | Found a transporter.
  7002 | Gauntlet | Found a transporter.
  7002 | Gauntlet | Noticed a reaper
  7014 | Gauntlet | Found a transporter.
  7030 | Gauntlet | Found a transporter.
  7030 | Gauntlet | Noticed an entropy weaver
  7042 | Gauntlet | Found a transporter.
  7059 | Gauntlet | Found a transporter.
  7076 | Gauntlet | Found a transporter.
  7078 | Gauntlet | Found a transporter.
  7080 | Gauntlet | Found a runed translucent gate.
  7080 | Gauntlet | Found a runed translucent gate.
  7080 | Gauntlet | Found a runed translucent gate.
  7081 | Gauntlet | Found a large runed translucent door.
  7081 | Gauntlet | Found a large runed translucent door.
  7081 | Gauntlet | Found a large runed translucent door.
  7082 | Gauntlet | Found a large runed translucent door.
  7087 | Gauntlet | Found a large runed translucent door.
  7087 | Gauntlet | Found a large runed translucent door.
  7088 | Gauntlet | Found a large runed translucent door.
  7088 | Gauntlet | Found a large runed translucent door.
  7091 | Gauntlet | Found a large runed translucent door.
  7091 | Gauntlet | Found a large runed translucent door.
  7091 | Gauntlet | Found a runed translucent door.
  7091 | Gauntlet | Found a runed translucent door.
  7092 | Gauntlet | Found a large runed translucent door.
  7093 | Gauntlet | Found a large runed translucent door.
  7102 | Gauntlet | Found a large runed translucent door.
  7102 | Gauntlet | Found a large runed translucent door.
  7103 | Gauntlet | Found a large runed translucent door.
  7104 | Gauntlet | Found a large runed translucent door.
  7117 | Gauntlet | Learned a level 3 spell: Mephitic Cloud
  7131 | Gauntlet | Found a transporter.
  7132 | Gauntlet | XOM: confuse monster(s)
  7137 | Gauntlet | Found a transporter.
  7140 | Gauntlet | Found a transporter.
  7143 | Gauntlet | XOM: cast spell 'Summon Ice Beast'
  7163 | Gauntlet | Found a transporter.
  7215 | Gauntlet | Reached skill level 1 in Spellcasting
  7225 | Gauntlet | XOM: polymorph fire crab -> shapeshifter
  7262 | Gauntlet | Got a smoking pewter ring
  7264 | Gauntlet | Identified the ring "Biekketa" {*Tele Str+2} (You found it
                  | in a Gauntlet)
  7312 | Gauntlet | Identified the +10 battleaxe "Qeczistihy" {speed, +Fly rF+
                  | MR+ Str-3}
  7312 | Gauntlet | Noticed a minotaur
  7336 | Gauntlet | Killed a minotaur
  7451 | D:13     | Noticed a centaur warrior
  7451 | D:13     | XOM: potion effect (brilliance)
  7456 | D:13     | XOM: draining
  7457 | D:13     | XOM: 3-stop teleportation journey
  7471 | D:13     | Killed a two-headed ogre
  7471 | D:13     | Reached skill level 5 in Spellcasting
  7497 | D:13     | XOM: cast spell 'Summon Dragon'
  7502 | D:13     | Killed a centaur warrior
  7590 | D:13     | XOM: silly message
  7618 | D:13     | XOM: divination: magic mapping
  7685 | D:13     | Killed a ghoul
  7701 | D:13     | Noticed a ghoul
  7721 | D:13     | XOM: confuse monster(s)
  7729 | D:13     | XOM: divination: magic mapping
  7734 | D:13     | Killed a ghoul
  7744 | D:13     | XOM: silly message
  7843 | D:14     | XOM: cloud trail
  7863 | D:14     | Noticed a seven-headed hydra
  7872 | D:14     | an eight-headed hydra changed into a shapeshifter
  7971 | D:14     | Noticed a centaur warrior
  7979 | D:14     | Killed a centaur warrior
  7979 | D:14     | Reached XP level 13. HP: 47/78 MP: 11/24
  7993 | D:14     | XOM: potion effect (might)
  7996 | D:14     | Reached skill level 10 in Fighting
  8115 | D:15     | Entered Level 15 of the Dungeon
  8153 | D:15     | XOM: silly message
  8278 | D:15     | XOM: silly message
  8284 | D:15     | XOM: silly message
  8292 | D:15     | XOM: potion effect (might)
  8358 | D:15     | XOM: potion effect (might)
  8377 | D:15     | XOM: potion effect (berserk rage)
  8381 | D:15     | XOM: potion effect (magic)
  8438 | D:15     | Found a staircase to the Depths.
  8438 | D:15     | Noticed a fire giant
  8585 | D:14     | XOM: silly message
  8683 | D:14     | XOM: potion effect (stabbing)
  8692 | D:14     | XOM: potion effect (invisibility)
  8715 | D:14     | XOM: silly message
  8794 | D:13     | Upgraded the game from 0.25-a0-829-g4e6a552925 to
                  | 0.25-a0-834-g55863b0b92
  8805 | D:13     | XOM: divination: detect creatures
  8905 | D:11     | XOM: silly message
  8934 | Orc:1    | Entered Level 1 of the Orcish Mines
  8938 | Orc:1    | XOM: confuse monster(s)
  9008 | Orc:2    | Entered Level 2 of the Orcish Mines
  9008 | Orc:2    | Found Fipufe's Antique Armour Emporium.
  9008 | Orc:2    | Noticed an orc warlord
  9028 | Orc:1    | XOM: cast spell 'Alistair's Intoxication'
  9058 | Orc:1    | Killed an orc warlord
  9156 | Orc:1    | XOM: 1-stop teleportation journey
  9240 | Orc:2    | Reached XP level 14. HP: 92/92 MP: 25/25
  9303 | Orc:2    | Found a staircase to the Elven Halls.
  9323 | Orc:2    | Found Reush's General Store.
  9470 | Orc:2    | Found Coria's Antique Weapon Shop.
  9494 | Orc:2    | XOM: give mutations
  9494 | Orc:2    | Gained mutation: You are partially covered in yellow
                  | scales. (AC +2) [Xom's mischief]
  9494 | Orc:2    | Lost mutation: You are resistant to hostile enchantments.
                  | (MR+) [Xom's mischief]
  9494 | Orc:2    | Lost mutation: You are robust. (+10% HP) [Xom's mischief]
  9544 | Orc:2    | XOM: 1-stop teleportation journey
  9637 | Orc:1    | XOM: blink monster(s)
  9639 | Orc:1    | XOM: summons 10 friendly demons
  9667 | Orc:1    | XOM: noise
  9888 | Orc:2    | XOM: scenery: create altars
  9907 | Orc:2    | XOM: polymorph ettin -> great orb of eyes
  9910 | Orc:2    | XOM: divination: detect items
 10026 | Orc:2    | Found Leixam's Book Boutique.
 10126 | Orc:2    | XOM: fog
 10129 | Orc:2    | XOM: give mutations
 10129 | Orc:2    | Gained mutation: You evolve. [Xom's grace]
 10129 | Orc:2    | Gained mutation: You expend magic power (3 MP) to
                  | strengthen your wands. [Xom's grace]
 10129 | Orc:2    | Gained mutation: You have sharp fingernails. [Xom's grace]
 10129 | Orc:2    | Gained mutation: Your spells are a little harder to cast,
                  | but a little more powerful. [Xom's grace]
 10237 | Orc:1    | XOM: noise
 10315 | Elf:1    | Entered Level 1 of the Elven Halls
 10369 | Elf:1    | Found a ruined gateway.
 10388 | Desolati | Entered the Desolation of Salt
 10402 | Desolati | Noticed an imperial myrmidon
 10409 | Desolati | XOM: 1-stop teleportation journey
 10422 | Desolati | XOM: potion effect (haste)
 10428 | Desolati | Noticed a halazid warlock
 10497 | Elf:1    | Gained mutation: Your magical capacity is low. (-10% MP)
                  | [evolution]
 10549 | Elf:1    | XOM: swap monsters
 10593 | Elf:1    | XOM: chaos upgrade
 10596 | Elf:1    | XOM: divination: detect creatures
 10604 | Elf:1    | XOM: enchant monster (good)
 10672 | Elf:1    | XOM: enchant monster (bad)
 10729 | Elf:1    | Noticed a deep elf sorcerer
 10737 | Elf:1    | XOM: butterfly on damage
 10785 | Orc:2    | Bought the +9 sword of Zonguldrok {reap} for 1840 gold
                  | pieces
 10785 | Orc:2    | Found the +9 sword of Zonguldrok {reap}
 10883 | Lair:1   | Entered Level 1 of the Lair of Beasts
 11057 | Lair:1   | XOM: cast spell 'Summon Mana Viper'
 11085 | Lair:1   | XOM: cast spell 'Alistair's Intoxication'
 11090 | Lair:1   | Reached skill level 1 in Shields
 11268 | Lair:2   | XOM: divine lightning
 11271 | Lair:2   | XOM: summons 14 friendly demons
 11302 | Lair:2   | XOM: polymorph crimson imp -> quasit
 11452 | Lair:3   | XOM: confuse monster(s)
 11564 | Lair:3   | Found a frozen archway.
 11573 | Lair:3   | XOM: silly message
 11574 | IceCv    | Entered an ice cave
 11582 | IceCv    | Reached XP level 15. HP: 88/88 MP: 24/24
 11647 | IceCv    | XOM: potion effect (invisibility)
 11662 | IceCv    | XOM: potion effect (brilliance)
 11684 | IceCv    | Reached skill level 15 in Long Blades
 11996 | Lair:3   | XOM: cloud trail
 12028 | Lair:4   | Found a runed translucent gate.
 12029 | Lair:4   | Found a runed translucent gate.
 12030 | Lair:4   | Found a runed translucent gate.
 12030 | Lair:4   | Noticed Qaisti's ghost (journeyman GnWr)
 12036 | Lair:4   | Found a radiant altar of Vehumet.
 12056 | Lair:4   | Found a staircase to the Snake Pit.
 12321 | Lair:4   | XOM: god gift: scroll of enchant armour
 12414 | Lair:4   | Found a dark tunnel.
 12427 | Volcano  | Entered a volcano
 12642 | Volcano  | XOM: god gift: 3 atropa-tipped darts
 12680 | Lair:5   | Found a staircase to the Slime Pits.
 12681 | Lair:5   | XOM: summons friendly ufetubus
 12699 | Lair:5   | XOM: enchant monster (good)
 12748 | Lair:5   | Reached skill level 1 in Axes
 12850 | Lair:5   | Reached skill level 2 in Axes
 12938 | Lair:5   | XOM: god gift: leather armour {god gift}
 12986 | Lair:5   | XOM: confuse monster(s)
 12987 | Lair:5   | XOM: cast spell 'Necromutation'
 12991 | Lair:5   | Reached skill level 3 in Axes
 13070 | Lair:6   | XOM: stealth player
 13070 | Lair:6   | Entered Level 6 of the Lair of Beasts
 13103 | Lair:6   | Reached skill level 4 in Axes
 13112 | Lair:6   | XOM: divination: detect creatures
 13120 | Lair:6   | XOM: give mutations
 13120 | Lair:6   | Gained mutation: You are partially covered in rugged brown
                  | scales. (AC +1, +3% HP) [Xom's grace]
 13120 | Lair:6   | Gained mutation: You rapidly evolve. [Xom's grace]
 13152 | Lair:6   | Reached skill level 5 in Axes
 13178 | Lair:6   | XOM: fake destruction
 13205 | Lair:6   | XOM: destruction
 13255 | Lair:6   | Reached skill level 6 in Axes
 13327 | Lair:4   | XOM: silly message
 13357 | Lair:4   | XOM: confuse monster(s)
 13359 | Lair:4   | Killed Qaisti's ghost
 13506 | Lair:3   | Reached skill level 7 in Axes
 13516 | Lair:3   | XOM: summons friendly quasit
 13548 | Lair:3   | Found a staircase to the Swamp.
 13562 | Swamp:1  | Entered Level 1 of the Swamp
 13576 | Swamp:1  | XOM: chaos cloud
 13645 | Swamp:2  | Reached skill level 8 in Axes
 13645 | Swamp:2  | Reached XP level 16. HP: 89/95 MP: 21/24
 13754 | Swamp:2  | XOM: stat loss: -1 Dex (25/26)
 13986 | Swamp:3  | Reached skill level 9 in Axes
 14024 | Swamp:4  | Entered Level 4 of the Swamp
 14024 | Swamp:4  | Noticed Louise
 14115 | Swamp:4  | XOM: enchant monster (good)
 14129 | Swamp:3  | Killed Louise
 14184 | Swamp:4  | XOM: swap monsters
 14187 | Swamp:4  | XOM: enchant monster (good)
 14198 | Swamp:4  | XOM: fake destruction
 14222 | Swamp:4  | XOM: summons friendly quasit
 14231 | Swamp:4  | Reached skill level 10 in Axes
 14241 | Swamp:4  | XOM: fog
 14278 | Swamp:4  | Gained mutation: You are resistant to electric shocks.
                  | (rElec) [evolution]
 14283 | Swamp:4  | XOM: enchant monster (good)
 14316 | Swamp:4  | XOM: scenery: create altars
 14317 | Swamp:4  | XOM: enchant monster (good)
 14318 | Swamp:4  | XOM: polymorph swamp drake -> ice beast
 14324 | Swamp:4  | XOM: 9-stop teleportation journey
 14366 | Swamp:4  | XOM: god gift: short sword {god gift}
 14372 | Swamp:4  | XOM: enchant monster (good)
 14378 | Swamp:4  | XOM: confuse monster(s)
 14387 | Swamp:4  | XOM: enchant monster (good)
 14391 | Swamp:4  | XOM: potion effect (berserk rage)
 14394 | Swamp:4  | XOM: summons friendly quasit
 14423 | Swamp:4  | Reached skill level 11 in Axes
 14468 | Swamp:4  | XOM: 9-stop teleportation journey
 14520 | Swamp:4  | XOM: scenery: create altars
 14583 | Swamp:4  | Got a decaying rune of Zot
 14814 | Lair:4   | XOM: give mutations
 14814 | Lair:4   | Gained mutation: Your flesh is heat resistant. (rF+) [Xom's
                  | grace]
 14814 | Lair:4   | Gained mutation: You are robust. (+10% HP) [Xom's grace]
 14814 | Lair:4   | Gained mutation: You have very sharp fingernails. [Xom's
                  | grace]
 14852 | Snake:1  | Entered Level 1 of the Snake Pit
 14980 | Snake:1  | XOM: fog
 15002 | Snake:1  | Reached skill level 12 in Axes
 15009 | Snake:1  | XOM: divine lightning
 15010 | Snake:1  | XOM: enchant monster (bad)
 15115 | Snake:2  | Noticed a nagaraja
 15128 | Snake:2  | Killed a nagaraja
 15153 | Snake:2  | Reached XP level 17. HP: 96/109 MP: 25/25
 15179 | Snake:2  | Identified Roxanne's Reference Book on Shape Shifting
 15179 | Snake:2  | Noticed Roxanne
 15189 | Snake:2  | XOM: scenery: create altars
 15198 | Snake:2  | Killed Roxanne
 15198 | Snake:2  | Reached skill level 13 in Axes
 15263 | Snake:3  | Reached skill level 1 in Ice Magic
 15267 | Snake:3  | XOM: divination: detect creatures
 15283 | Snake:3  | XOM: divination: magic mapping
 15294 | Snake:3  | Found a transporter.
 15414 | Snake:3  | XOM: divination: detect items
 15439 | Snake:3  | Learned a level 1 spell: Apportation
 15480 | Snake:3  | Found a transporter.
 15504 | Snake:3  | Reached skill level 5 in Ice Magic
 15618 | Snake:3  | XOM: summons friendly quasit
 15657 | Snake:3  | XOM: god gift: scroll of enchant armour
 15673 | Snake:3  | Got a heavily runed tin amulet
 15673 | Snake:3  | Got a scorched lead ring
 15675 | Snake:3  | Identified the amulet of Typairpho {Spirit rPois rF+ MR+}
                  | (You found it on level 3 of the Snake Pit)
 15679 | Snake:3  | Identified the ring of Piolib {+Fly rPois MR+ Int+3 Slay-5}
                  | (You found it on level 3 of the Snake Pit)
 15715 | Snake:4  | Entered Level 4 of the Snake Pit
 15748 | Snake:4  | Reached skill level 5 in Dodging
 15824 | Snake:4  | XOM: scenery: create altars
 15835 | Snake:4  | XOM: divination: magic mapping
 15840 | Snake:4  | XOM: destruction
 15846 | Snake:4  | XOM: 3-stop teleportation journey
 15876 | Snake:4  | XOM: cleaving
 15879 | Snake:4  | XOM: snakes to sticks
 15887 | Snake:4  | XOM: fog
 15911 | Snake:4  | Gained mutation: You can translocate small distances at
                  | will. [evolution]
 15993 | Snake:4  | XOM: enchant monster (good)
 16034 | Snake:4  | XOM: summons friendly iron imp
 16153 | Snake:4  | XOM: scenery: 2 doors open, 3 doors close
 16259 | Snake:4  | XOM: give mutations
 16259 | Snake:4  | Lost mutation: Your spells are a little harder to cast, but
                  | a little more powerful. [Xom's mischief]
 16259 | Snake:4  | Lost mutation: You possess an exceptional clarity of mind.
                  | [Xom's mischief]
 16259 | Snake:4  | Lost mutation: You have a pair of horns on your head.
                  | [Xom's mischief]
 16259 | Snake:4  | Lost mutation: You expend magic power (3 MP) to strengthen
                  | your wands. [Xom's mischief]
 16325 | Snake:4  | XOM: god gift: 7 atropa-tipped darts
 16352 | Snake:4  | XOM: snakes to sticks
 16362 | Snake:4  | XOM: summons friendly shadow imp
 16376 | Snake:4  | XOM: destruction
 16377 | Snake:4  | XOM: cast spell 'Ring of Flames'
 16402 | Snake:4  | XOM: enchant monster (good)
 16413 | Snake:4  | Noticed Bai Suzhen
 16424 | Snake:4  | XOM: enchant monster (good)
 16448 | Snake:4  | XOM: potion effect (might)
 16452 | Snake:4  | XOM: confuse monster(s)
 16460 | Snake:4  | XOM: noise
 16571 | Snake:4  | Reached XP level 18. HP: 115/115 MP: 26/26
 16592 | Snake:4  | Reached skill level 14 in Axes
 16627 | Snake:4  | XOM: fog
 16724 | Snake:4  | Got a serpentine rune of Zot
 17011 | Lair:4   | XOM: give mutations
 17011 | Lair:4   | Lost mutation: You are robust. (+10% HP) [Xom's mischief]
 17011 | Lair:4   | Lost mutation: You are partially covered in rugged brown
                  | scales. (AC +1, +3% HP) [Xom's mischief]
 17011 | Lair:4   | Lost mutation: You rapidly evolve. [Xom's mischief]
 17011 | Lair:4   | Gained mutation: Armour fits poorly on your strangely
                  | shaped body. [Xom's mischief]
 17038 | Slime:1  | Entered Level 1 of the Pits of Slime
 17060 | Slime:1  | XOM: polymorph slime creature -> tyrant leech
 17064 | Slime:1  | XOM: blink monster(s)
 17068 | Slime:1  | Gained mutation: You are weak. (Str -2) [a shining eye]
 17070 | Slime:1  | Gained mutation: You are robust. (+10% HP) [a shining eye]
 17129 | Slime:2  | XOM: fake destruction
 17142 | Slime:2  | XOM: noise
 17173 | Slime:1  | XOM: summons 2 friendly demons
 17181 | Slime:1  | XOM: scenery: create altars
 17187 | Slime:1  | XOM: cast spell 'Summon Small Mammal'
 17272 | Slime:2  | XOM: 4-stop teleportation journey
 17281 | Slime:2  | XOM: divination: magic mapping
 17361 | Slime:3  | Paralysed by a floating eye for 3 turns
 17370 | Slime:3  | XOM: polymorph eye of devastation -> torpor snail
 17376 | Slime:3  | XOM: 1-stop teleportation journey
 17423 | Slime:4  | Reached skill level 15 in Axes
 17605 | Slime:5  | Entered Level 5 of the Pits of Slime
 17607 | Slime:5  | XOM: blink monster(s)
 17611 | Slime:5  | XOM: scenery: create altars
 17630 | Slime:3  | Lost mutation: You are robust. (+10% HP) [a shining eye]
 17630 | Slime:3  | Gained mutation: You occasionally shout uncontrollably at
                  | your foes. [a shining eye]
 17764 | Slime:4  | XOM: 1-stop teleportation journey
 17767 | Slime:4  | XOM: 5-stop teleportation journey
 17772 | Slime:4  | Gained mutation: You tend to lose your temper in combat. [a
                  | shining eye]
 17776 | Slime:4  | Gained mutation: Scrolls take you a little longer to read.
                  | [a shining eye]
 17783 | Slime:5  | XOM: confuse monster(s)
 17788 | Slime:5  | XOM: enchant monster (bad)
 17792 | Slime:4  | HP: 1/102 [slime creature (6)]
 17794 | Slime:4  | XOM: silly message
 17795 | Slime:4  | XOM: fog
 17824 | Slime:4  | XOM: cleaving
 17849 | Slime:4  | XOM: destruction
 17876 | Slime:3  | XOM: chaos cloud
 17900 | Slime:3  | XOM: scenery: create altars
 18169 | D:12     | XOM: 2-stop teleportation journey
 18169 | D:12     | Noticed Nessos
 18174 | D:12     | Killed Nessos
 18362 | Orc:2    | Bought a book of Battle for 560 gold pieces
 18365 | Orc:2    | Learned a level 2 spell: Shroud of Golubria
 18369 | Orc:2    | Learned a level 3 spell: Spectral Weapon
 18374 | Orc:2    | Learned a level 4 spell: Airstrike
 18456 | Elf:2    | Reached skill level 1 in Charms
 18475 | Elf:2    | XOM: potion effect (stabbing)
 18477 | Elf:2    | Reached skill level 1 in Air Magic
 18498 | Elf:2    | XOM: potion effect (invisibility)
 18563 | Elf:2    | XOM: enchant monster (bad)
 18567 | Elf:2    | XOM: confuse monster(s)
 18586 | Elf:2    | XOM: noise
 18627 | Elf:2    | Reached skill level 5 in Air Magic
 18823 | Elf:1    | Identified Rofuf's Tome of Combat Magic
 19029 | Elf:1    | Reached XP level 19. HP: 106/106 MP: 27/27
 19075 | Elf:2    | XOM: 2-stop teleportation journey
 19083 | Elf:2    | XOM: cast spell 'Summon Ice Beast'
 19156 | Elf:2    | Found a runed translucent gate.
 19156 | Elf:2    | Found a runed translucent gate.
 19157 | Elf:2    | Found a runed translucent gate.
 19182 | Elf:3    | Entered Level 3 of the Elven Halls
 19484 | Elf:3    | Found Jywole's Distillery.
 19487 | Elf:3    | Reached skill level 16 in Axes
 19487 | Elf:3    | Reached XP level 20. HP: 111/111 MP: 28/28
 19494 | Elf:3    | Bought a potion of magic for 120 gold pieces
 19494 | Elf:3    | Bought a potion of curing for 45 gold pieces
 19494 | Elf:3    | Bought a potion of curing for 45 gold pieces
 19494 | Elf:3    | Bought a potion of ambrosia for 120 gold pieces
 19494 | Elf:3    | Bought a potion of might for 60 gold pieces
 19896 | Elf:3    | XOM: enchant monster (good)
 19916 | Elf:3    | XOM: cast spell 'Summon Ice Beast'
 19923 | Elf:3    | XOM: scenery: create altars
 19938 | Elf:3    | Slain by a deep elf blademaster

Levels and vault maps discovered:
D:1:      co_arrival_random_square_maze, layout_rooms, minmay_misc_feat_encased
D:2:      layout_loops_ring, uniq_robin
D:3:      layout_basic
D:4:      layout_cave_pools, nicolae_ashenzari_panopticon,
          gammafunk_ghost_gnarly_gnolls, serial_forest,
          infiniplex_forest_clump_small, infiniplex_forest_clump_diagonal,
          infiniplex_forest_clump_small, infiniplex_forest_clump_small,
          infiniplex_forest_straight_4, trog_wizard, uniq_blork_the_orc
D:5:      layout_loops_ring, minitemple, first_ration, corner_web_ring,
          ebering_dispersal_statue_hall, uniq_eustachio
D:6:      minmay_spotlight, layout_basic, nicolae_overflow_crystal_walls,
          minmay_temple_entry_statues_pillars, basic_altar, st_stairs_7
D:7:      layout_rooms, lemuel_round_altar, uniq_menkaure, uniq_prince_ribbit1
D:8:      layout_rooms, overflow_temple_1_default, serial_shops, shop, uniq_grum
D:9:      layout_gridville, serial_shops, nicolae_shop_statue_plus,
          david_nohive_1, uniq_harold
D:10:     layout_stronghold
D:11:     nicolae_whirlpool, layout_basic, minmay_lair_entry_lava, erik_orc_3,
          kennysheep_windowed_goal, uniq_urug
D:12:     layout_big_octagon, uniq_nessos
D:13:     layout_roguey [special_room_orc], serial_undead, serial_undead_b,
          serial_undead_b, serial_undead_c, serial_undead_f, serial_undead_b,
          serial_undead_f, gauntlet_entry_generic, enter_bailey_3,
          hangedman_abyss_or_decor_slice
D:14:     layout_loops_ring, hangedman_vaults_entry_quadrant_bands,
          kennysheep_donut, chequers_garden
D:15:     grunt_enter_depths_giant_problem, layout_loops_ring, zin_angel,
          serial_bayou_lagoon_a, minmay_misc_feat_iff
Lair:1:   kb_forest_paths, layout_regular_city, uniq_nergalle
Lair:2:   lemuel_reptile_caves, layout_concentric_octagons, grunt_megastairs_4,
          serial_bayou_shore_a, uniq_erica
Lair:3:   layout_regular_city, palyth_hydra_swamp_entry,
          portal_ice_cave_entry_pillars_2, beast_lair_carwin_11
Lair:4:   layout_cellular_growth, guppyfry_snake_entry_island,
          gammafunk_ghost_split, basic_altar, nicolae_volcano_entry_batcave,
          st_stairs_10, serial_bayou_pond_c
Lair:5:   layout_regular_city, minmay_slime_entry_pillars
Lair:6:   minmay_lair_end_frog_pond, layout_regular_city
Swamp:1:  layout_falls_marsh, evilmike_swamp_ruin_house_5
Swamp:2:  layout_basic_swamp, nicolae_swamp_triple_paths,
          infiniplex_staircase_pool
Swamp:3:  layout_basic_swamp, nicolae_swamp_dense_foliage, swamp_pool1
Swamp:4:  swamp_fiery, layout_basic_swamp, swamp_pool2, uniq_louise
Snake:1:  layout_rooms
Snake:2:  layout_misc_corridors, grunt_ministairs_15, uniq_roxanne,
          uniq_asterion
Snake:3:  gammafunk_its_a_trap, layout_basic
Snake:4:  grunt_snake_rune_serpentine_throne, layout_cave_town,
          serial_bayou_ford_a, serial_bayou_pond_d, uniq_bai_suzhen
Slime:1:  layout_caves
Slime:2:  layout_caves
Slime:3:  layout_caves
Slime:4:  layout_caves
Slime:5
Orc:1:    layout_diamond_mine, special_room [special_room_bee]
Orc:2:    grunt_orc_gardens, layout_caves, grunt_orc_garden, grunt_orc_garden,
          grunt_orc_garden, grunt_orc_garden
Elf:1:    minmay_elf_arrival_circle, layout_geoelf_octagon,
          portal_desolation_entry_ruin, minmay_elf_annihilation
Elf:2:    layout_loops_cross, basic_altar, grunt_ministairs_2,
          serial_sigils_hangedman_etch
Elf:3:    minmay_elf_hall_curves, layout_geoelf_castle, serial_shops,
          nicolae_shop_stone, minmay_curled_crystal

Skill      XL: |  1  2  3  4  5  6  7  8  9 10 11 12 13 14 15 16 17 18 19 20 |
---------------+-------------------------------------------------------------+-----
Long Blades    | 3 4 5 7 10 11 12 14 15 | 15.8
Dodging        | 4 7 9 |  9.1
Armour         | 6 11 12 | 12.5
Fighting       | 5 9 14 | 14.5
Short Blades   | 3 |  3.1
Stealth        | 3 7 |  7.8
Translocations | 2 |  2.4
Spellcasting   | 7 |  7.0
Shields        | 3 4 |  4.0
Axes           | 8 12 13 15 16 | 16.0
Ice Magic      | 5 |  5.4
Charms         | 1 4 |  4.2
Air Magic      | 6 |  6.3

Action                   |  1- 3 |  4- 6 |  7- 9 | 10-12 | 13-15 | 16-18 | 19-21 || total
-------------------------+-------+-------+-------+-------+-------+-------+-------++-------
Melee: Falchion          |    76 |   136 |   339 |       |       |       |       ||   551
       Bite              |    20 |    39 |    95 |   222 |   364 |   511 |    45 ||  1296
       Headbutt          |       |     5 |    85 |   133 |   258 |   356 |    27 ||   864
       Scimitar          |       |       |    11 |   298 |    26 |    64 |       ||   399
       Short sword       |       |       |       |    46 |       |       |       ||    46
       Double sword      |       |       |       |   177 |   828 |   881 |    68 ||  1954
       Battleaxe         |       |       |       |       |       |    11 |    47 ||    58
Throw: Dart              |       |       |     3 |    34 |     5 |       |       ||    42
       Javelin           |       |       |       |    10 |     9 |       |       ||    19
 Cast: Blink             |       |       |       |     1 |     4 |    14 |     1 ||    20
       Frozen Ramparts   |       |       |       |     6 |    16 |    15 |     1 ||    38
       Mephitic Cloud    |       |       |       |     4 |    12 |     3 |     2 ||    21
       Ozocubu's Armour  |       |       |       |       |     3 |     2 |     1 ||     6
       Apportation       |       |       |       |       |       |     9 |       ||     9
       Airstrike         |       |       |       |       |       |     4 |       ||     4
       Shroud of Golubri |       |       |       |       |       |       |     1 ||     1
       Spectral Weapon   |       |       |       |       |       |       |     1 ||     1
Evoke: Wand              |       |       |       |     4 |     3 |     6 |     1 ||    14
       Tin of tremorston |       |       |       |     1 |     1 |     1 |       ||     3
  Use: Potion            |       |     2 |     2 |     1 |       |     8 |     1 ||    14
       Scroll            |       |       |     8 |    21 |    17 |    19 |     2 ||    67
 Stab: Sleeping          |       |     2 |     1 |     7 |    25 |    19 |     3 ||    57
       Paralysed         |       |       |     2 |     1 |       |     2 |       ||     5
       Confused          |       |       |     1 |    12 |    11 |     7 |     1 ||    32
       Distracted        |       |       |     1 |     5 |     7 |     9 |       ||    22
       Invisible         |       |       |       |    11 |     6 |       |       ||    17
       Petrified         |       |       |       |       |       |     1 |       ||     1
  Eat: Chunk             |       |     1 |    11 |    11 |    10 |     2 |       ||    35
       Ration            |       |       |     2 |     1 |     4 |     6 |     1 ||    14
Armor: Leather armour    |    28 |    57 |    98 |   199 |   241 |   179 |    35 ||   837
       Fire dragon scale |       |       |       |       |    86 |   239 |       ||   325
Dodge: Dodged            |    40 |    70 |   211 |   367 |   450 |   533 |    46 ||  1717
Block: Other             |       |       |       |   108 |    73 |       |       ||   181
       Reflection        |       |       |       |     6 |    13 |    32 |       ||    51
       Buckler           |       |       |       |       |   139 |   414 |       ||   553
       Rpst.: Falchion   |    13 |    23 |    50 |       |       |       |       ||    86
       Scimitar          |       |       |     2 |    56 |       |     9 |       ||    67
       Double sword      |       |       |       |    31 |   117 |    95 |     5 ||   248

Table legend:
 A = Non-vault XP
 B = Vault XP
 C = Vault XP percentage of total XP
 D = Non-vault monster count
 E = Vault monster count
 F = Vault count percentage of total count
                 A         B        C        D         E       F
            +---------+---------+-------+---------+---------+-------
      Total |  204336 |  134915 |  39.8 |     741 |     387 |  34.3
            +---------+---------+-------+---------+---------+-------
        D:1 |      35 |       0 |   0.0 |      21 |       0 |   0.0
        D:2 |     253 |      34 |  11.8 |      30 |      11 |  26.8
        D:3 |     162 |       0 |   0.0 |      18 |       0 |   0.0
        D:4 |     294 |      94 |  24.2 |      20 |       1 |   4.8
        D:5 |     334 |      99 |  22.9 |      13 |       1 |   7.1
        D:6 |     782 |     199 |  20.3 |      31 |       6 |  16.2
        D:7 |     514 |     423 |  45.1 |       7 |       2 |  22.2
        D:8 |    1354 |     630 |  31.8 |      24 |       5 |  17.2
        D:9 |     705 |    2094 |  74.8 |      14 |      18 |  56.2
       D:10 |    1257 |       0 |   0.0 |      24 |       0 |   0.0
       D:11 |    2424 |    3278 |  57.5 |      24 |      20 |  45.5
       D:12 |    2303 |    1372 |  37.3 |      16 |       1 |   5.9
       D:13 |    4405 |    6000 |  57.7 |      11 |      40 |  78.4
       D:14 |    7826 |     181 |   2.3 |      30 |       3 |   9.1
       D:15 |    8573 |       0 |   0.0 |      23 |       0 |   0.0
     Lair:1 |    3599 |    2602 |  42.0 |      18 |      13 |  41.9
     Lair:2 |    1403 |       0 |   0.0 |       5 |       0 |   0.0
     Lair:3 |    3522 |    3241 |  47.9 |      10 |       9 |  47.4
     Lair:4 |    4419 |    3723 |  45.7 |      13 |      12 |  48.0
     Lair:5 |    8051 |     374 |   4.4 |      30 |       4 |  11.8
     Lair:6 |    3236 |    8917 |  73.4 |      14 |      44 |  75.9
    Swamp:1 |    2298 |       0 |   0.0 |       3 |       0 |   0.0
    Swamp:2 |    7866 |       0 |   0.0 |      19 |       0 |   0.0
    Swamp:3 |    5035 |    1517 |  23.2 |      14 |       1 |   6.7
    Swamp:4 |   11360 |    8515 |  42.8 |      37 |      19 |  33.9
    Snake:1 |   10038 |       0 |   0.0 |      22 |       0 |   0.0
    Snake:2 |    9591 |    1888 |  16.4 |      19 |       1 |   5.0
    Snake:3 |   13887 |    3787 |  21.4 |      28 |       7 |  20.0
    Snake:4 |   15931 |   32630 |  67.2 |      34 |      57 |  62.6
    Slime:1 |    6044 |       0 |   0.0 |      22 |       0 |   0.0
    Slime:2 |    5738 |       0 |   0.0 |       6 |       0 |   0.0
    Slime:3 |    8943 |       0 |   0.0 |      17 |       0 |   0.0
    Slime:4 |    9080 |       0 |   0.0 |      13 |       0 |   0.0
    Slime:5 |    2091 |       0 |   0.0 |       3 |       0 |   0.0
      Orc:1 |    4146 |    3787 |  47.7 |      24 |      23 |  48.9
      Orc:2 |    4148 |    7077 |  63.0 |      25 |      24 |  49.0
      Elf:1 |    9198 |    5806 |  38.7 |      20 |      10 |  33.3
      Elf:2 |   16801 |    3709 |  18.1 |      25 |       5 |  16.7
      Elf:3 |    6690 |   18940 |  73.9 |      14 |      14 |  50.0
      IceCv |       0 |    3243 | 100.0 |       0 |      11 | 100.0
    Volcano |       0 |    3069 | 100.0 |       0 |       7 | 100.0
 Desolation |       0 |    2549 | 100.0 |       0 |       4 | 100.0
   Gauntlet |       0 |    5137 | 100.0 |       0 |      14 | 100.0
            +---------+---------+-------+---------+---------+-------
